 Dungeon Crawl Stone Soup version 0.29-a0-297-g7659ce593d (webtiles) character file.

Game seed: 16058441985259383703

108685 kipponium the Executioner (level 16, -10/199 HPs)
             Began as a Demonspawn Berserker on Mar 21, 2022.
             Was a High Priest of Trog.
             Mangled by an anaconda (14 damage)
             ... on level 3 of the Snake Pit.
             The game lasted 01:23:12 (29236 turns).

kipponium the Executioner (Demonspawn Berserker)   Turns: 29236, Time: 01:23:12

Health: -10/199    AC: 14    Str: 32    XL:     16   Next: 3%
Magic:  16/16      EV: 12    Int: 14    God:    Trog [*****.]
Gold:   2292       SH:  0    Dex: 11    Spells: 15/15 levels left

rFire   + + .      SeeInvis +   u - +3 executioner's axe (freeze)
rCold   . . .      Faith    +   (shield currently unavailable)
rNeg    . . .      Spirit   .   c - +1 scale mail "Goas" {rPois Regen+ Int+3 Dex-2}
rPois   +          Reflect  .   (helmet unavailable)
rElec   +          Harm     .   e - scarf {shadows}
rCorr   .          Rampage  .   j - +1 pair of gloves of Veachimimu {rF+ Will+ Slay+2}
Will    ++...                   J - +1 pair of boots of Dyspraxia {rElec rF+}
Stlth   ..........              M - amulet of the Cicada {Faith Str+3}
HPRegen 1.23/turn               K - +6 ring of strength
MPRegen 0.15/turn               O - +4 ring of evasion

@: berserking, lethally poisoned (-10 -> -10), constricted, very quick
A: antennae 3, icemail 1, powered by pain 1, sturdy frame 3, condensation shield
a: Renounce Religion, Berserk, Trog's Hand, Brothers in Arms


You were on level 3 of the Snake Pit.
You worshipped Trog.
Trog was extremely pleased with you.
You visited 4 branches of the dungeon, and saw 26 of its levels.

You collected 2574 gold pieces.
You spent 282 gold pieces at shops.

Inventory:

Hand Weapons
 l - the +14 obsidian axe {vorpal, Mesm Drain Fly SInv}
   (You found it on level 1 of the Orcish Mines)

   It inflicts extra damage upon your enemies.
   It occasionally summons demons to assist the wielder when it strikes in
   combat.
   Its wielder is mesmerised by any visible foes.
   It cannot be unequipped while any foes are visible.
   SInv:      It lets you see invisible.
   Fly:       It grants you flight.
   Drain:     It drains your maximum health when unequipped.
 t - a +2 antimagic war axe
 u - a +3 executioner's axe of freezing (weapon)
 x - a +2 demon whip of venom
Missiles
 f - 75 poisoned darts
 q - 20 boomerangs
 G - 3 throwing nets
 S - 5 javelins
 V - a curare-tipped dart (quivered)
Armour
 c - the +1 scale mail "Goas" (worn) {rPois Regen+ Int+3 Dex-2}
   (You acquired it on level 9 of the Dungeon)

   Int:       It affects your intelligence (+3).
   Dex:       It affects your dexterity (-2).
   rPois:     It protects you from poison.
   Regen:     It increases your rate of health regeneration.
 e - a scarf of shadows (worn)
 j - the +1 pair of gloves of Veachimimu (worn) {rF+ Will+ Slay+2}
   (You acquired it on level 9 of the Dungeon)

   Slay:      It affects your accuracy & damage with ranged weapons and melee
   (+2).
   rF:        It protects you from fire.
   Will:      It increases your willpower.
 D - the +0 scale mail of Anarchy {rN+++ Int+5 Dex-2}
   (You found it on level 14 of the Dungeon)

   Int:       It affects your intelligence (+5).
   Dex:       It affects your dexterity (-2).
   rN:        It renders you almost immune to negative energy.
 J - the +1 pair of boots of Dyspraxia (worn) {rElec rF+}
   (You acquired it on level 9 of the Dungeon)

   rF:        It protects you from fire.
   rElec:     It insulates you from electricity.
Jewellery
 b - a ring of flight
 p - a ring of poison resistance
 K - a +6 ring of strength (left hand)
 M - the amulet of the Cicada (around neck) {Faith Str+3}
   (You found it on level 8 of the Dungeon)

   [amulet of faith]

   It allows you to gain divine favour quickly.
   Str:       It affects your strength (+3).
 O - a +4 ring of evasion (right hand)
 Z - a ring of protection from fire
Wands
 k - a wand of flame (13)
 o - a wand of iceblast (16)
 A - a wand of digging (5)
 E - a wand of polymorph (4)
 I - a wand of mindburst (10)
 R - a wand of acid (10)
Scrolls
 g - 2 scrolls of enchant armour
 i - 3 scrolls of identify
 m - a scroll of blinking
 r - 2 scrolls of silence
 s - 5 scrolls of immolation
 v - a scroll of brand weapon
 y - 4 scrolls of fog
 z - 3 scrolls of fear
 C - 2 scrolls of magic mapping
 N - 3 scrolls of teleportation
Potions
 a - 8 potions of curing
 d - 2 potions of might
 h - 2 potions of cancellation
 n - a potion of haste
 w - a potion of invisibility
 Q - 2 potions of resistance
 U - 3 potions of heal wounds
Miscellaneous
 B - a condenser vane (inert)


   Skills:
 + Level 14.0 Fighting
 - Level 0.5(0.6) Short Blades
 - Level 0.4(0.6) Long Blades
 + Level 21.5 Axes
 - Level 0.4 Staves
 - Level 0.7 Bows
 - Level 0.4 Crossbows
 - Level 1.2 Throwing
 * Level 9.1 Armour
 - Level 1.7 Dodging
 - Level 0.4 Shields
 - Level 0.9 Invocations
 - Level 0.1 Evocations


You had 15 spell levels left.
You didn't know any spells.
Your spell library was empty.

Dungeon Overview and Level Annotations

Branches:
Dungeon (15/15)            Temple (0/1) D:7            Lair (6/6) D:9
 Shoals (0/4) Lair:4        Snake (3/4) Lair:3        Slime (0/5) Lair:5
    Orc (2/2) D:12            Elf (0/3) Orc:2        Vaults (0/5) D:14
 Depths (0/4) D:15

Altars:
Elyvilon
Gozag
Hepliaklqana
Nemelex Xobeh
Qazlal
Ru
Sif Muna
Trog
Vehumet

Shops:
D:4 *   D:6 (   D:15 =[([   Orc:2 ?(!(

Portals:
Abyss: D:5

Annotations:
D:5 2 transporters, BigAl's ghost, novice GrEE
D:11 1 runed translucent door, qborf's ghost, journeyman OgBe


Innate Abilities, Weirdness & Mutations

You have a pair of large antennae on your head. (SInv)
A meltable icy envelope protects you from harm. (AC +0)
You sometimes gain a little power by taking damage.
Your movements are significantly less encumbered by armour. (ER -6)
A meltable shield of frost defends you. (SH +0)


Message History

You feel sick.
The naga ritualist utters an invocation to its god.
The naga ritualist begins to radiate toxic energy.
* * * LOW HITPOINT WARNING * * *
Your troll is poisoned.
The naga sharpshooter shoots a bolt.
The bolt hits you!!
* * * LOW HITPOINT WARNING * * *
The anaconda bites you but does no damage.
The anaconda constricts you.
* * * LOW HITPOINT WARNING * * *
The shock serpent bites you but does no damage.
You slice the shock serpent!!
The shock serpent seems to slow down.
You freeze the shock serpent!
The shock serpent is almost dead.
You slash the naga ritualist! You freeze the naga ritualist.
You barely miss the anaconda. You slice the naga mage!!
You freeze the naga mage!
You kill the naga mage!
Trog accepts your kill.
Trog appreciates your killing of a magic user.
The shock serpent's electric aura discharges violently, shocking you!
You resist.
You feel sick.
* * * LOW HITPOINT WARNING * * *
Your troll looks even sicker.
The salamander hits you but does no damage.
The anaconda closely misses you. The anaconda constricts you.
* * * LOW HITPOINT WARNING * * *
Your troll closely misses the naga ritualist.
Your troll claws the naga ritualist! x2
The naga ritualist spits poison at your troll.
The splash of poison hits your troll!
Your troll looks even sicker.
The naga sharpshooter shoots a bolt.
The bolt barely misses you.
The bolt hits the naga ritualist!!
The naga ritualist dies!
Your Fighting skill increases to level 14!
You closely miss the shock serpent. You barely miss the shock serpent.
You slice the anaconda!! You freeze the anaconda!
You feel sick. The anaconda bites you!
You die...

#.....# {
.....###..
#.###S.......
#....S.# #.###<.#
### #†)# #.##
#...# ##§§# .. {{
#....S###ST§#{...
#..##.(§N§@§N....
#..#..(.§SS§#....
.......§N§§§# ..
.#{###..# # #...
....# #####


You could see 2 naga sharpshooters, a salamander, an anaconda (ally target), 2
shock serpents and a friendly troll (summoned, berserk, very poisoned).

Vanquished Creatures
  Rupert (D:15)
  Gastronok (D:9)
  An orc warlord (D:13)
  Josephine (Lair:4)
  A crystal guardian (D:13)
  Harold (D:10)
  8 naga warriors
  2 boulder beetles
  7 hydras
  3 two-headed ogres
  A catoblepas (Lair:3)
  2 anacondas
  3 centaur warriors
  A death knight (D:14)
  A death yak (Lair:4)
  Nergalle (Lair:1)
  2 shock serpents
  3 naga sharpshooters
  2 orc high priests (Orc:2)
  Sonja (Orc:1)
  An iron troll (D:14)
  5 skeletal warriors
  2 wizards
  A naga ritualist (Snake:2)
  A phantasmal warrior (D:14)
  A lindwurm (Lair:6)
  5 orc knights
  A necromancer (D:15)
  7 orc sorcerers
  A wolf spider (D:15)
  3 mana vipers
  A deep elf zephyrmancer (D:15)
  4 cyclopes
  6 salamanders
  11 elephants (Lair:6)
  2 guardian serpents
  A guardian serpent (shapeshifter) (D:15)
  19 black mambas
  11 naga magi
  A gargoyle (D:13)
  A centaur skeleton (D:15)
  Maurice (D:8)
  2 torpor snails (Lair:4)
  13 cane toads
  A molten gargoyle (Lair:6)
  8 komodo dragons
  An efreet (D:14)
  3 unseen horrors
  A rime drake (shapeshifter) (D:14)
  2 freezing wraiths (D:13)
  2 kobold demonologists
  3 rime drakes
  8 trolls
  6 dream sheep (Lair:6)
  A hornet (D:10)
  13 blink frogs
  A hornet (shapeshifter) (D:15)
  12 slime creatures
  4 water elementals (D:14)
  A shadow (D:10)
  2 vampires
  A yak (shapeshifter) (D:14)
  A centaur simulacrum (D:15)
  48 yaks
  7 wyverns
  3 wraiths (Lair:4)
  Grum (D:10)
  A basilisk (shapeshifter) (D:13)
  The ghost of Karim the Twirler, an amateur DsGl of Qazlal (D:4)
  Eustachio (D:4)
  6 basilisks
  9 vampire mosquitoes
  2 steam dragons (Lair:6)
  A warg (Orc:2)
  21 nagas
  The ghost of kae the Firebug, an amateur TeFE (D:4)
  2 acid dragons (D:11)
  9 water moccasins
  5 hell hounds (Lair:6)
  17 orc warriors
  2 black bears
  A meliai simulacrum (D:15)
  A sky beast (D:6)
  17 centaurs
  4 wolves (D:10)
  4 ogres
  2 phantoms
  6 kobold brigands
  3 scorpions
  2 gnoll sergeants
  15 bullfrogs
  2 necrophages
  9 wights
  6 killer bees (D:9)
  8 howler monkeys
  5 lava snakes (Lair:6)
  A crimson imp (D:13)
  4 hounds
  7 jellies (Lair:5)
  13 orc priests
  2 iguanas (D:7)
  A gnoll shaman (D:8)
  19 orc wizards
  4 adders
  25 gnolls
  A white imp (D:7)
  A worm (D:5)
  5 dart slugs
  59 orcs
  7 ball pythons
  25 endoplasms
  6 giant cockroaches
  10 goblins
  10 hobgoblins
  4 jackals (D:2)
  37 kobolds
  7 quokkas
  4 bats
  4 frilled lizards
  21 rats
714 creatures vanquished.

Vanquished Creatures (collateral kills)
  A fire dragon (Lair:6)
  A death knight (D:13)
  An orc high priest (Orc:2)
  2 skeletal warriors (D:15)
  Amaemon (Lair:1)
  A phantasmal warrior (D:14)
  A mana viper (Snake:1)
  An elephant (Lair:6)
  A salamander (Snake:3)
  A black mamba (Lair:6)
  A molten gargoyle (Lair:6)
  An orange demon (Lair:1)
  A komodo dragon (Lair:6)
  A freezing wraith (D:13)
  2 wraiths
  A yak (Lair:6)
  2 nagas (Snake:1)
  2 orc warriors (Orc:2)
22 creatures vanquished.

Vanquished Creatures (others)
  A naga ritualist (Snake:3)
  A quokka (D:4)
  28 fungi
  20 plants
50 creatures vanquished.

Grand Total: 786 creatures vanquished

Notes
Turn   | Place    | Note
-------+----------+-------------------------------------------
     0 | D:1      | kipponium the Demonspawn Berserker began the quest for the
                  | Orb.
     0 | D:1      | Reached XP level 1. HP: 18/18 MP: 1/1
   194 | D:1      | Reached skill level 3 in Axes
   325 | D:1      | Gained mutation: You have a pair of small antennae on your
                  | head. [demonic ancestry]
   325 | D:1      | Reached XP level 2. HP: 24/24 MP: 2/2
   896 | D:1      | Found a faded altar of an unknown god.
  1294 | D:2      | Reached ** piety under Trog
  1323 | D:2      | Reached XP level 3. HP: 29/29 MP: 3/3
  1441 | D:2      | Reached skill level 4 in Axes
  1617 | D:2      | Found an opulent altar of Gozag.
  2129 | D:2      | You fall into a shaft and drop 1 floor!
  2465 | D:2      | Reached XP level 4. HP: 35/35 MP: 4/4
  2850 | D:3      | Reached skill level 5 in Axes
  2854 | D:3      | Gained mutation: You sometimes gain a little power by
                  | taking damage. [demonic ancestry]
  2854 | D:3      | Reached XP level 5. HP: 29/41 MP: 5/5
  3223 | D:3      | Reached *** piety under Trog
  3635 | D:3      | Found Weeduy's General Store.
  3710 | D:4      | Reached skill level 6 in Axes
  3791 | D:4      | Reached XP level 6. HP: 21/47 MP: 6/6
  4158 | D:4      | Noticed Eustachio
  4648 | D:4      | Noticed a wyvern
  4657 | D:4      | Killed a wyvern
  4658 | D:4      | Reached skill level 7 in Axes
  4658 | D:4      | Gained mutation: A meltable shield of frost defends you.
                  | (SH +0) [demonic ancestry]
  4658 | D:4      | Reached XP level 7. HP: 27/52 MP: 7/7
  4664 | D:4      | Found Ymasch's Mass Market.
  4969 | D:4      | Found a hazy altar of Hepliaklqana.
  5058 | D:4      | Found a runed translucent gate.
  5059 | D:4      | Found a runed translucent gate.
  5059 | D:4      | Found a runed translucent gate.
  5062 | D:4      | Noticed Karim's ghost (amateur DsGl)
  5062 | D:4      | Noticed kae's ghost (amateur TeFE)
  5159 | D:4      | Killed Eustachio
  5274 | D:4      | Found a stormy altar of Qazlal.
  5294 | D:4      | Reached skill level 8 in Axes
  5463 | D:4      | Reached skill level 1 in Throwing
  5709 | D:5      | Entered Level 5 of the Dungeon
  5721 | D:5      | Found a transporter.
  5726 | D:5      | Noticed a small abomination
  5741 | D:5      | Noticed a small abomination
  5774 | D:5      | Found a transporter.
  5790 | D:5      | Found a one-way gate to the infinite horrors of the Abyss.
  5790 | D:5      | Noticed BigAl's ghost (novice GrEE)
  5790 | D:5      | Noticed a toenail golem
  6100 | D:5      | Reached XP level 8. HP: 46/58 MP: 8/8
  6243 | D:5      | Reached skill level 9 in Axes
  6623 | D:6      | Reached **** piety under Trog
  6862 | D:6      | Reached skill level 10 in Axes
  7143 | D:6      | Noticed a two-headed ogre
  7151 | D:6      | Killed a two-headed ogre
  7152 | D:6      | Reached skill level 11 in Axes
  7152 | D:6      | Gained mutation: You have a pair of antennae on your head.
                  | [demonic ancestry]
  7152 | D:6      | Reached XP level 9. HP: 63/63 MP: 9/9
  7644 | D:6      | Found Qeugh's Antique Weapon Shoppe.
  8241 | D:7      | Reached skill level 12 in Axes
  8894 | D:7      | Found a bloodstained altar of Trog.
  8909 | D:7      | Found a shimmering blue altar of Sif Muna.
  9290 | D:7      | Found a sparkling altar of Nemelex Xobeh.
  9319 | D:7      | Found a staircase to the Ecumenical Temple.
  9595 | D:8      | Reached skill level 13 in Axes
  9878 | D:8      | Reached XP level 10. HP: 54/70 MP: 10/10
 10618 | D:8      | Noticed Maurice
 10669 | D:8      | Killed Maurice
 10984 | D:8      | Identified the amulet of the Cicada {Faith Str+3}
 11058 | D:8      | Reached skill level 14 in Axes
 11470 | D:9      | Noticed Gastronok
 11503 | D:9      | Killed Gastronok
 11611 | D:9      | Reached skill level 15 in Axes
 11640 | D:9      | Found a staircase to the Lair.
 11640 | D:9      | Noticed a death yak
 11640 | D:9      | Noticed a boulder beetle
 11641 | D:9      | Identified 3 scrolls of acquirement
 11641 | D:9      | Acquired the +1 pair of boots of Dyspraxia {rElec rF+}
 11642 | D:9      | Noticed a death yak
 11644 | D:9      | Noticed a death yak
 11644 | D:9      | Noticed a death yak
 11664 | D:9      | Acquired the +1 pair of gloves of Veachimimu {rF+ Will+
                  | Slay+2}
 11676 | D:9      | Acquired the +1 scale mail "Goas" {rPois Regen+ Int+3
                  | Dex-2}
 12388 | D:10     | Entered Level 10 of the Dungeon
 12396 | D:10     | Gained mutation: Your movements are slightly less
                  | encumbered by armour. (ER -2) [demonic ancestry]
 12396 | D:10     | Reached XP level 11. HP: 75/75 MP: 11/11
 12439 | D:10     | Noticed Grum
 12458 | D:10     | Killed Grum
 12601 | D:10     | Noticed Harold
 12613 | D:10     | Killed Harold
 12758 | D:10     | Found a sacrificial altar of Ru.
 12815 | D:10     | Reached skill level 16 in Axes
 13606 | D:10     | Found a radiant altar of Vehumet.
 13947 | D:11     | Noticed qborf's ghost (journeyman OgBe)
 13950 | D:11     | Found a runed translucent door.
 14820 | D:12     | Noticed a seven-headed hydra
 14917 | D:12     | Reached ***** piety under Trog
 14918 | D:12     | Reached skill level 17 in Axes
 14925 | D:12     | Noticed a sun demon
 15104 | D:4      | Killed kae's ghost
 15111 | D:4      | Killed Karim's ghost
 15456 | Lair:1   | Entered Level 1 of the Lair of Beasts
 15468 | Lair:1   | Noticed Amaemon
 15476 | Lair:1   | Killed Amaemon
 15512 | Lair:1   | Reached XP level 12. HP: 44/81 MP: 12/12
 15975 | Lair:1   | Identified the +0 leather armour of Peek-a-Boo {rC++ rN+
                  | Str-3}
 16040 | Lair:1   | Noticed Nergalle
 16053 | Lair:1   | Killed Nergalle
 16399 | Lair:1   | Reached skill level 18 in Axes
 17210 | Lair:2   | Noticed a five-headed hydra
 17221 | Lair:2   | Killed a five-headed hydra
 17232 | Lair:2   | Reached skill level 5 in Fighting
 17320 | Lair:2   | Noticed a four-headed hydra
 17337 | Lair:2   | Killed a four-headed hydra
 18098 | Lair:3   | Found a staircase to the Snake Pit.
 18653 | Lair:4   | Noticed a six-headed hydra
 18663 | Lair:4   | Killed a six-headed hydra
 18870 | Lair:4   | Noticed Josephine
 18878 | Lair:4   | Killed Josephine
 18923 | Lair:4   | Gained mutation: A meltable icy envelope protects you from
                  | harm. (AC +0) [demonic ancestry]
 18923 | Lair:4   | Reached XP level 13. HP: 39/101 MP: 13/13
 19054 | Lair:4   | Found a staircase to the Shoals.
 19059 | Lair:4   | Received a gift from Trog
 19347 | Lair:4   | Reached skill level 10 in Fighting
 19593 | Lair:5   | Found a staircase to the Slime Pits.
 19824 | Lair:5   | Reached skill level 5 in Armour
 20387 | Lair:6   | Entered Level 6 of the Lair of Beasts
 20704 | Lair:6   | Reached skill level 19 in Axes
 20804 | Lair:6   | Noticed a fire dragon
 20805 | Lair:6   | Found a large runed translucent door.
 20805 | Lair:6   | Found a large runed translucent door.
 20857 | Lair:6   | Gained mutation: Your movements are less encumbered by
                  | armour. (ER -4) [demonic ancestry]
 20857 | Lair:6   | Reached XP level 14. HP: 111/113 MP: 14/14
 21617 | D:12     | Received a gift from Trog
 21652 | D:12     | Found a staircase to the Orcish Mines.
 22189 | Orc:1    | Entered Level 1 of the Orcish Mines
 22217 | Orc:1    | Noticed Sonja
 22228 | Orc:1    | Killed Sonja
 22553 | D:4      | Bought a +0 executioner's axe for 120 gold pieces
 22729 | Orc:2    | Entered Level 2 of the Orcish Mines
 22729 | Orc:2    | Found a staircase to the Elven Halls.
 22759 | Orc:1    | Found the +14 obsidian axe {vorpal, Mesm Drain Fly SInv}
 23108 | Orc:2    | Received a gift from Trog
 23190 | Orc:2    | Found Jezxee's Magic Scroll Boutique.
 23190 | Orc:2    | Found Dowob's Antique Weapon Emporium.
 23247 | Orc:2    | Found Dyfarhog's Distillery.
 23247 | Orc:2    | Found Jompeyla's Weapon Emporium.
 23252 | Orc:2    | Bought a scroll of torment for 90 gold pieces
 23252 | Orc:2    | Bought a scroll of identify for 24 gold pieces
 23252 | Orc:2    | Bought a scroll of identify for 24 gold pieces
 23252 | Orc:2    | Bought a scroll of identify for 24 gold pieces
 23578 | Orc:2    | Found a shimmering blue altar of Sif Muna.
 23970 | D:13     | Reached skill level 20 in Axes
 24543 | D:13     | Noticed an orc warlord
 24557 | D:13     | Killed an orc warlord
 25139 | D:14     | Identified the +0 scale mail of Anarchy {rN+++ Int+5 Dex-2}
 25289 | D:14     | Gained mutation: You have a pair of large antennae on your
                  | head. (SInv) [demonic ancestry]
 25289 | D:14     | Reached XP level 15. HP: 122/122 MP: 15/15
 25607 | D:14     | Found a gate to the Vaults.
 25809 | D:15     | Entered Level 15 of the Dungeon
 25886 | D:15     | HP: 6/183 [skeletal warrior/+0 short sword (11)]
 26186 | D:15     | Noticed Rupert
 26193 | D:15     | Killed Rupert
 26452 | D:15     | Found Dawetona's Armour Emporium.
 26452 | D:15     | Found Gozxooj's Armour Emporium.
 26456 | D:15     | Found Wiwin's Antique Weapon Emporium.
 26456 | D:15     | Found Teniph's Jewellery Emporium.
 26647 | D:15     | Received a gift from Trog
 26719 | D:15     | Found a staircase to the Depths.
 27066 | Snake:1  | Entered Level 1 of the Snake Pit
 27445 | Snake:1  | Reached skill level 21 in Axes
 29151 | Snake:3  | Gained mutation: Your movements are significantly less
                  | encumbered by armour. (ER -6) [demonic ancestry]
 29151 | Snake:3  | Reached XP level 16. HP: 110/132 MP: 16/16
 29234 | Snake:3  | HP: 9/198 [constriction (2)]
 29235 | Snake:3  | HP: 4/198 [constriction (3)]
 29236 | Snake:3  | Mangled by an anaconda

Illustrated notes

Levels and vault maps discovered:
D:1:      lemuel_arrival_funnel, layout_basic,
          hellmonk_ecumenical_altar_zigzags, st_stairs_10, glass_columns_a
D:2:      layout_basic, basic_altar, minmay_liquid_box
D:3:      cheibrodos_pilgrimage, layout_basic, serial_shops, shop,
          minmay_rat_hole
D:4:      layout_loops_ring, elyvilon_altar_4,
          mainiacjoe_overflow_catch_the_wave, gammafunk_ghost_cemetery,
          minmay_shop_mass, dreamdust_gnoll_farm, uniq_eustachio
D:5:      layout_cave_pools, gammafunk_ghost_abyssal_escape,
          chequers_serial_rivers_small_b, chequers_serial_rivers_micro_b
D:6:      layout_basic, serial_shops, shop
D:7:      layout_basic, nzn_overflow_gifts_of_might_and_magic,
          nemelex_dance_club_becter, minmay_temple_entry_proselytizer
D:8:      layout_basic, minmay_microvault, uniq_maurice
D:9:      layout_loops_corners, dpeg_lair_monsters, corner_web_ring,
          uniq_gastronok
D:10:     layout_layer_cave, nicolae_ru_great_annihilating_truth,
          general_overflow_altar, uniq_harold, uniq_grum
D:11:     layout_grid_maze, hellmonk_ghost_happy_afterlife
D:12:     layout_cave_pools, orc_david_3
D:13:     minmay_outward_triangles, layout_layer_cave, lightli_wizard_tower
D:14:     layout_small_grid, david_vaults_4, kennysheep_another_room,
          nicolae_underground_beach
D:15:     grunt_enter_depths_magical_seal, layout_cave_pools,
          chequers_serial_rivers_small_a, minmay_shop_grid_forest, uniq_rupert
Lair:1:   layout_layer_cave, uniq_amaemon, uniq_nergalle
Lair:2:   layout_regular_city, chequers_serial_rivers_micro_c
Lair:3:   layout_regular_city, minmay_snake_entry_guardpost_medium
Lair:4:   layout_concentric_octagons, minmay_shoals_entry_centaurs,
          uniq_josephine
Lair:5:   lemuel_slime, layout_gridlike, nicolae_slime_entry_slimehenge
Lair:6:   cheibrodos_lair_end_hotspot, layout_cave_shapes
Snake:1:  layout_rooms, st_stairs_10, nicolae_snake_gridmaze_big_u
Snake:2:  layout_gridlike, nicolae_snake_gridmaze_squiggle
Snake:3:  layout_honeycomb, nicolae_shop_clearance
Orc:1:    layout_caves, nicolae_orc_sculptors_studio,
          dreamdust_deal_with_the_devil, library_closet, uniq_sonja
Orc:2:    grunt_orc_tribal_feast, layout_caves, kennysheep_orc_sif_temple

Skill      XL: |  1  2  3  4  5  6  7  8  9 10 11 12 13 14 15 16 |
---------------+-------------------------------------------------+-----
Axes           | 3 4 5 6 7 8 11 13 15 17 18 19 20 21 | 21.5
Throwing       | 1 |  1.2
Fighting       | 9 11 12 13 14 | 14.0
Armour         | 4 6 7 9 |  9.1
Short Blades   | |  0.5
Long Blades    | |  0.4
Staves         | |  0.4
Bows           | |  0.7
Crossbows      | |  0.4
Dodging        | |  1.7
Shields        | |  0.4
Invocations    | |  0.9
Evocations     | |  0.1

Action                   |  1- 3 |  4- 6 |  7- 9 | 10-12 | 13-15 | 16-18 || total
-------------------------+-------+-------+-------+-------+-------+-------++-------
Melee: Hand axe          |   137 |   150 |       |       |       |       ||   287
       Punch             |       |     7 |     6 |    16 |       |       ||    29
       Broad axe         |       |    39 |   322 |   633 |    25 |       ||  1019
       Demon whip        |       |       |       |    31 |    55 |       ||    86
       Battleaxe         |       |       |       |       |   311 |       ||   311
       Executioner's axe |       |       |       |       |   458 |     6 ||   464
Throw: Dart              |       |     1 |    18 |    16 |     3 |     3 ||    41
       Throwing net      |       |       |       |     1 |       |       ||     1
       Boomerang         |       |       |       |     2 |     4 |       ||     6
       Javelin           |       |       |       |       |     1 |       ||     1
Invok: Berserk           |       |     5 |     9 |    12 |     9 |     1 ||    36
       Trog's Hand       |       |     1 |       |     4 |     3 |       ||     8
       Brothers in Arms  |       |       |       |     2 |     8 |     1 ||    11
Evoke: Wand              |       |       |     2 |     1 |     1 |     1 ||     5
       Condenser vane    |       |       |       |       |     1 |       ||     1
  Use: Scroll            |       |       |     7 |     9 |    19 |     1 ||    36
       Potion            |       |       |       |     5 |     3 |       ||     8
 Stab: Held in net/web   |       |       |       |     1 |       |       ||     1
       Paralysed         |       |       |       |     1 |       |       ||     1
       Distracted        |       |       |       |       |     1 |       ||     1
       Sleeping          |       |       |       |       |     1 |       ||     1
Armor: Animal skin       |    25 |       |       |       |       |       ||    25
       Ring mail         |       |    58 |    76 |     7 |       |       ||   141
       Scale mail        |       |       |       |   175 |   266 |    13 ||   454
       Troll leather arm |       |       |       |    12 |       |       ||    12
Dodge: Dodged            |    95 |   116 |   149 |   286 |   541 |    16 ||  1203
Block: Other             |       |       |    46 |    63 |   113 |       ||   222

Table legend: (Time is in decaauts)
 A = Elapsed time spent in this place.
 B = Non-inter-level travel time spent in this place.
 C = Inter-level travel time spent in this place.
 D = Time resting spent in this place.
 E = Time spent auto-exploring this place.
 F = Levels seen in this place.
 G = Mean time per level.
                   A        B        C        D        E       F      G
               +--------+--------+--------+--------+--------+-----+--------+
         Total |  29306 |  27408 |   1898 |   6174 |  14506 |  26 | 1127.2 |
       Dungeon |  19989 |  18790 |   1199 |   5070 |   9443 |  15 | 1332.6 |
          Lair |   5898 |   5403 |    495 |    464 |   3582 |   6 |  983.0 |
     Snake Pit |   2170 |   2059 |    111 |    581 |    947 |   3 |  723.3 |
  Orcish Mines |   1248 |   1156 |     92 |     58 |    534 |   2 |  624.0 |
               +--------+--------+--------+--------+--------+-----+--------+

Top non-repeatable levels by time:
     D:4: 2022 daAuts
     D:8: 1954 daAuts
     D:7: 1753 daAuts
     D:2: 1627 daAuts
  Lair:1: 1521 daAuts
     D:6: 1476 daAuts
    D:10: 1430 daAuts
     D:9: 1244 daAuts
    D:13: 1203 daAuts
     D:3: 1153 daAuts
 Snake:2: 1144 daAuts
     D:1: 1125 daAuts
    D:11: 1076 daAuts
    D:12: 1048 daAuts
    D:15: 1040 daAuts
